 Dungeon Crawl Stone Soup version 0.21-a0-529-g8c7b3f5 (webtiles) character file.

49 slep the Chopper (level 3, -4/27 HPs)
             Began as a Demonspawn Gladiator on Dec 12, 2017.
             Slain by a gnoll
             ... wielding a +0 spear
              (5 damage)
             ... on level 3 of the Dungeon.
             The game lasted 00:02:59 (1803 turns).

slep the Chopper (Demonspawn Gladiator)             Turns: 1803, Time: 00:03:00

Health: -4/27      AC:  6    Str: 15      XL:     3   Next: 51%
Magic:  3/3        EV: 11    Int:  8 (9)  God:
Gold:   113        SH:  0    Dex: 11 (14) Spells: 2/2 levels left

rFire    . . .     SeeInvis +   a - +0 war axe
rCold    . . .     Gourm    .   (no shield)
rNeg     . . .     Faith    .   r - +0 ring mail
rPois    .         Spirit   .   c - +0 helmet
rElec    .         Reflect  .   (no cloak)
rCorr    .         Harm     .   (no gloves)
MR       .....                  (no boots)
Stlth    ..........             (no amulet)
HPRegen  0.09/turn              o - ring of see invisible
MPRegen  0.08/turn              (no ring)

@: hasted, very quick
A: hooves 1, rot immunity
a: no special abilities


You were on level 3 of the Dungeon.
You were near starving.

You visited 1 branch of the dungeon, and saw 3 of its levels.

You collected 113 gold pieces.

Inventory:

Hand Weapons
 a - a +0 war axe (weapon)
Missiles
 d - 3 throwing nets (quivered)
Armour
 b - a +0 leather armour
 c - a +0 helmet (worn)
 r - a +0 ring mail (worn)
Jewellery
 o - a ring of see invisible (left hand)
Scrolls
 h - 3 scrolls of identify {unknown}
 l - a scroll of immolation {unknown}
Potions
 m - a potion of berserk rage {unknown}
 n - a potion of resistance {unknown}
 q - a potion of mutation {unknown}
Comestibles
 f - 2 bread rations
 i - a royal jelly
 k - 3 fruits
 p - a meat ration


   Skills:
 + Level 2.1 Fighting
 + Level 3.4 Axes
 + Level 1.8 Throwing
 + Level 0.5 Armour
 + Level 3.1 Dodging
 + Level 0.2 Stealth


You had 2 spell levels left.
You didn't know any spells.

Dungeon Overview and Level Annotations

Branches:
Dungeon (3/15)

Altars:
Kikubaaqudgha
Nemelex Xobeh


Innate Abilities, Weirdness & Mutations

You have large cloven feet.
You are immune to rotting.


Message History

The gnoll closely misses you.
You hit the gnoll.
The gnoll is moderately wounded.
The gnoll barely misses you. The gnoll misses you.
You barely miss the gnoll.
The gnoll is moderately wounded.
The gnoll barely misses you.
You hit the gnoll.
The gnoll is almost dead.
The gnoll hits you but does no damage. The gnoll hits you with a halberd.
* * * LOW HITPOINT WARNING * * *
You hit the gnoll but do no damage. You kick the gnoll, but do no damage.
The gnoll is almost dead.
The gnoll hits you from afar with a spear.
* * * LOW HITPOINT WARNING * * *
You hit the gnoll.
You kill the gnoll!
You feel your strength returning.
The gnoll hits you from afar with a spear.
You die...

#############
#<..........#
###########.#
#@# #)# #g#
#.# #.. #.#
###


You could see a gnoll.

Vanquished Creatures
  2 gnolls (D:3)
  2 worms (D:2)
  A giant cockroach (D:2)
  5 hobgoblins
  4 kobolds (D:2)
  A ball python (D:1)
  A bat (D:2)
  A frilled lizard (D:2)
  5 goblins
  3 rats
25 creatures vanquished.

Notes
Turn   | Place    | Note
-------+----------+-------------------------------------------
     0 | D:1      | slep the Demonspawn Gladiator began the quest for the Orb.
     0 | D:1      | Reached XP level 1. HP: 16/16 MP: 1/1
   427 | D:1      | Gained mutation: You are immune to rotting. [demonic ancestry]
   427 | D:1      | Reached XP level 2. HP: 22/22 MP: 2/2
  1333 | D:2      | Found a sparkling altar of Nemelex Xobeh.
  1459 | D:2      | Found an ancient bone altar of Kikubaaqudgha.
  1494 | D:2      | Gained mutation: You have large cloven feet. [demonic ancestry]
  1494 | D:2      | Reached XP level 3. HP: 26/27 MP: 3/3
  1802 | D:3      | HP: 1/27 [gnoll/spear (3)]
  1803 | D:3      | Slain by a gnoll

Vault maps used:
D:1:      dpeg_arrival_signposts, kennysheep_nondescript
D:2:      kiku_gazebo_garden_becter, nemelex_xobeh_ov_fountains_minmay,
          first_bread, minmay_door_square
D:3:      makhleb_altar_promises_db, chequers_temple_overflow_statue_of_worship,
          overflow_temple_1_default, gup_sewer_entry_pipe, minmay_cupped

Skill      XL: |  1  2 |
---------------+-------+-----
Axes           | 3 |  3.4
Dodging        | 3 |  3.1
Fighting       | |  2.1
Throwing       | |  1.8
Armour         | |  0.5
Stealth        | |  0.2

Action                   || total
-------------------------++-------
Melee: War axe           ||    68
       Kick              ||     3
  Use: Potion            ||     3
 Stab: Sleeping          ||     1
  Eat: Chunk             ||     1
Armor: Leather armour    ||    13
       Ring mail         ||     4
Dodge: Dodged            ||    42

Table legend:
 A = Spawn XP
 B = Non-spawn XP
 C = Spawn XP percentage of total XP
 D = Spawn monster count
 E = Non-spawn monster count
 F = Spawn count percentage of total count
 G = Total turns spent on level
                    A         B        C        D         E        F      G
               +---------+---------+-------+---------+---------+-------+---------
         Total |       0 |      70 |   0.0 |       0 |      25 |   0.0 |  1803
               +---------+---------+-------+---------+---------+-------+---------
           D:1 |       0 |      12 |   0.0 |       0 |       8 |   0.0 |   860
           D:2 |       0 |      30 |   0.0 |       0 |      15 |   0.0 |   916
           D:3 |       0 |      28 |   0.0 |       0 |       2 |   0.0 |    27
               +---------+---------+-------+---------+---------+-------+---------
